 Dungeon Crawl Stone Soup version 0.15.0-8-gb109cf8 (webtiles) character file.

87 Kold the Cutter (level 4, -1/23 HPs)
             Began as a Vine Stalker Berserker on Aug 30, 2014.
             Was a Believer of Trog.
             Succumbed to Ijyb's poison
             ... on Level 2 of the Dungeon.
             The game lasted 00:05:31 (1379 turns).

Kold the Cutter (Vine Stalker Berserker)            Turns: 1379, Time: 00:05:32

HP  -1/23        AC  3     Str 26      XL: 4   Next: 51%
MP   5/5         EV 12     Int  7      God: Trog [**....]
Gold 67          SH  0     Dex 14      Spells:  0 memorised,  3 levels left

rFire  + . .     SeeInvis .     a - +0 short sword
rCold  . . .     Clarity  .     l - +0 robe
rNeg   . . .     rCorr    .     (no shield)
rPois  .         rRot     +     (no helmet)
rElec  .         Spirit   +     (no cloak)
SustAb .         Warding  .     (no gloves)
rMut   .         Stasis   .     j - +0 pair of boots
Gourm  .                        (no amulet)
MR     ++...                    (no ring)
                                f - +2 ring of strength

@: lethally poisoned, regenerating, very resistant to hostile enchantments,
unstealthy
A: fangs 2, fire resistance 1, regeneration 1, strong 2, magic shield, antimagic
bite, no device heal 3, rot immunity
a: Burn Spellbooks, Berserk, Trog's Hand, Renounce Religion


You were on level 2 of the Dungeon.
You worshipped Trog.
Trog was pleased with you.
You were hungry.

You visited 1 branch of the dungeon, and saw 2 of its levels.

You collected 67 gold pieces.

Inventory:

Hand weapons
 a - a +0 short sword (weapon)
Armour
 b - a +0 animal skin
 j - a +0 pair of boots (worn)
 l - a +0 robe (worn)
Comestibles
 c - 2 bread rations
 g - 2 slices of pizza
 o - a rotting chunk of bat flesh
Scrolls
 h - 2 scrolls of teleportation
Jewellery
 f - a +2 ring of strength (left hand)
Potions
 k - a potion of poison
 m - a potion of haste
Books
 n - Jessica's Disquisition on Self-Improvement
   (You found it on level 2 of the Dungeon)

   Spells                             Type                      Level
   Shroud of Golubria                 Charms/Translocation         2
   Trog disapproves of the use of such an item.


   Skills:
 - Level 2.6 Fighting
 + Level 3.8 Short Blades
 - Level 1.6 Armour
 - Level 1.5 Dodging
 + Level 3.5 Stealth


You had 3 spell levels left.
You didn't know any spells.

Dungeon Overview and Level Annotations

Branches:
Dungeon (2/15)

Altars:
Dithmenos


Innate Abilities, Weirdness & Mutations

You have extremely sharp teeth.
Your natural rate of healing is unusually fast.
When hurt, damage is shared between your health and your magic reserves.
Your bite disrupts and absorbs the magic of your enemies.
Potions and wands cannot restore your health.
You are immune to rotting.
Your flesh is heat resistant.
Your muscles are very strong. (Str +4)


Message History

You feel sick.
Ijyb screams, "Die!"
Ijyb closely misses you.
You slash Ijyb!
You kill Ijyb!
Trog accepts your kill.
* * * LOW HITPOINT WARNING * * *
You feel very sick.
Drink which item? (? for menu, Esc to quit)
Okay, then.
Read which item? (? for menu, Esc to quit)
As you read the scroll labeled CAXUID AREATI, it crumbles to dust.
You feel blessed for a moment.
It was a scroll of remove curse.
* * * LOW HITPOINT WARNING * * *
You feel sick.
Unknown command.
Read which item? (? for menu, Esc to quit)
As you read the scroll labeled WASOMA GEHAU, it crumbles to dust.
The scroll dissolves into smoke.
It was a scroll of fog.
You die...

############# ###
#...+..§§§..# ≈≈#
#...+.§§@§§.+ ≈≈#
#...#..§§§..#####≈≈#
#...##########...≈≈#
#............#...≈≈#
#).((....(...#.).≈≈#
##'##.....##'##..≈≈#
#...#.....#...#(.≈≈# ###
#...#.....#...#(.≈≈#.....
#...#.....#...#(.≈≈......


There were no monsters in sight!

Vanquished Creatures
  Ijyb (D:2)
  Jessica (D:2)
  An adder (D:2)
  An ooze (D:2)
  4 bats
  A giant cockroach (D:2)
  3 hobgoblins (D:1)
  6 jackals
  A kobold (D:1)
  A giant gecko (D:1)
  A giant newt (D:2)
  12 goblins
  A quokka (D:2)
  9 rats
43 creatures vanquished.

Notes
Turn   | Place    | Note
--------------------------------------------------------------
     0 | D:1      | Kold, the Vine Stalker Berserker, began the quest for the Orb.
     0 | D:1      | Reached XP level 1. HP: 11/11 MP: 1/1
   114 | D:1      | Reached skill level 1 in Stealth
   115 | D:1      | Gained mutation: Your muscles are strong. (Str +2) [potion of mutation]
   115 | D:1      | Gained mutation: Your muscles are very strong. (Str +4) [potion of mutation]
   115 | D:1      | Gained mutation: Your flesh is heat resistant. [potion of mutation]
   161 | D:1      | Reached XP level 2. HP: 7/16 MP: 3/3
   310 | D:1      | Acquired Trog's second power
   529 | D:1      | Reached skill level 3 in Short Blades
   890 | D:2      | Reached XP level 3. HP: 19/19 MP: 4/4
   914 | D:2      | Found a shadowy altar of Dithmenos.
   934 | D:2      | Noticed Jessica
   942 | D:2      | Killed Jessica
   974 | D:2      | Identified Jessica's Disquisition on Self-Improvement (You found it on level 2 of the Dungeon)
  1135 | D:2      | Reached XP level 4. HP: 15/23 MP: 3/5
  1361 | D:2      | Noticed Ijyb
  1377 | D:2      | Killed Ijyb
  1378 | D:2      | HP: 1/23 [poisoned by Ijyb]
  1379 | D:2      | Succumbed to Ijyb's poison

Action                   |  1- 3 |  4- 6 || total
-------------------------+-------+-------++-------
Melee: Short sword       |    81 |    30 ||   111
Invok: Berserk           |     1 |     1 ||     2
       Trog's Hand       |     1 |     1 ||     2
  Use: Potion            |     4 |       ||     4
       Scroll            |       |     5 ||     5
 Stab: Sleeping          |     2 |     1 ||     3
  Eat: Chunk             |     2 |     1 ||     3
